[Event "ICCopen2017"]
[Site "Internet Chess Club"]
[Date "2017.03.26"]
[Round "8"]
[White "findles"]
[Black "Zephyr"]
[Result "1-0"]
[ICCResult "Black resigns"]
[WhiteElo "1845"]
[BlackElo "1622"]
[Opening "Caro-Kann: classical, 6.h4"]
[ECO "B19"]
[NIC "CK.11"]
[Time "20:29:42"]
[TimeControl "180+0"]

1. e4 c6 2. d4 d5 3. Nd2 dxe4 4. Nxe4 Bf5 5. Ng3 Bg6 6. h4 h6 7. Nf3 Nf6 8.
Ne5 Bh7 9. Bd3 Bxd3 10. Qxd3 e6 11. Bd2 b5 12. f4 Nd5 13. O-O-O Nd7 14. f5
b4 15. fxe6 fxe6 16. Qg6+ Ke7 17. Nxc6+ {Black resigns} 1-0

[Event "ICCopen2017"]
[Site "Internet Chess Club"]
[Date "2017.03.26"]
[Round "8"]
[White "snaillike"]
[Black "Cramagica"]
[Result "1-0"]
[ICCResult "Black checkmated"]
[WhiteElo "1182"]
[BlackElo "1064"]
[Opening "Dutch: Staunton gambit"]
[ECO "A82"]
[NIC "HD.11"]
[Time "20:29:08"]
[TimeControl "180+0"]

1. d4 f5 2. e4 fxe4 3. f3 exf3 4. Nxf3 Nf6 5. Bd3 e6 6. O-O Bd6 7. Bg5 O-O
8. Qe1 b6 9. Qh4 h6 10. Bxh6 gxh6 11. Qxh6 Kf7 12. Ng5+ Ke8 13. Bg6+ Ke7 14.
Rxf6 Rxf6 15. Qg7+ Rf7 16. Qxf7# {Black checkmated} 1-0

[Event "ICCopen2017"]
[Site "Internet Chess Club"]
[Date "2017.03.26"]
[Round "8"]
[White "icewoman"]
[Black "chesscomet"]
[Result "0-1"]
[ICCResult "White checkmated"]
[WhiteElo "1090"]
[BlackElo "1458"]
[Opening "King's Indian: East Indian defense"]
[ECO "A48"]
[NIC "QP.06"]
[Time "20:28:42"]
[TimeControl "180+0"]

1. d4 Nf6 2. Nf3 g6 3. e3 Bg7 4. Bd3 O-O 5. O-O d6 6. b3 Nc6 7. Bb2 Re8 8.
Nbd2 e5 9. c3 e4 10. Bxe4 Nxe4 11. Nxe4 Rxe4 12. Ng5 Qxg5 13. f3 Re8 14. f4
Qg4 15. d5 Qxd1 16. Raxd1 Ne7 17. e4 f5 18. e5 dxe5 19. fxe5 Bxe5 20. Rde1
Bd6 21. Rf3 Bd7 22. Rh3 Nxd5 23. Ree3 Nxe3 24. c4 Nd1 25. g3 Nxb2 26. g4
Re1+ 27. Kg2 Rae8 28. gxf5 Bc6+ 29. Kf2 R8e2# {White checkmated} 0-1

[Event "ICCopen2017"]
[Site "Internet Chess Club"]
[Date "2017.03.26"]
[Round "8"]
[White "olimpioMD"]
[Black "gibert"]
[Result "1-0"]
[ICCResult "Black resigns"]
[WhiteElo "1364"]
[BlackElo "1478"]
[Opening "Réti: King's Indian attack (Barcza system)"]
[ECO "A07"]
[NIC "QP.09"]
[Time "20:29:24"]
[TimeControl "180+0"]

1. Nf3 d5 2. g3 e6 3. Bg2 Nf6 4. h4 Be7 5. h5 h6 6. d4 b6 7. Nc3 Bb7 8. Ne5
Nbd7 9. f4 Nxe5 10. fxe5 Ne4 11. Nxe4 dxe4 12. c3 c5 13. Be3 cxd4 14. Bxd4
Bc5 15. e3 Bxd4 16. exd4 Qd5 17. Qg4 O-O 18. a3 f5 19. Qf4 Qb3 20. Rb1 Qc2
21. O-O Ba6 22. Rfc1 Qd3 23. Bf1 Qf3 24. Bxa6 Qxf4 25. gxf4 g5 26. hxg6 Kg7
27. Rc2 Kxg6 28. Rg2+ Kh7 29. Rd1 Rg8 30. Rd2 Rxg2+ 31. Rxg2 {Black resigns}
1-0

[Event "ICCopen2017"]
[Site "Internet Chess Club"]
[Date "2017.03.26"]
[Round "8"]
[White "rugsy"]
[Black "A4-H5"]
[Result "0-1"]
[ICCResult "White resigns"]
[WhiteElo "1411"]
[BlackElo "1732"]
[Opening "Sicilian: Alapin's variation (2.c3)"]
[ECO "B22"]
[NIC "SI.46"]
[Time "20:28:43"]
[TimeControl "180+0"]

1. e4 c5 2. c3 Nc6 3. d4 cxd4 4. cxd4 d6 5. d5 Ne5 6. Nc3 g6 7. Bb5+ Nd7 8.
f4 Bg7 9. Nf3 Nh6 10. e5 O-O 11. Qe2 b6 12. Bc6 Rb8 13. O-O Nc5 14. Be3 Ba6
15. Bb5 Bb7 16. Bxc5 bxc5 17. h3 Nf5 18. Kh2 Nd4 19. Nxd4 cxd4 20. Ne4 Bxd5
21. Rfd1 Bxe4 22. Qxe4 Rxb5 23. Rxd4 {White resigns} 0-1

[Event "ICCopen2017"]
[Site "Internet Chess Club"]
[Date "2017.03.26"]
[Round "8"]
[White "dashingfox"]
[Black "Morad-Magdy"]
[Result "1-0"]
[ICCResult "Black resigns"]
[WhiteElo "1908"]
[BlackElo "1995"]
[Opening "Sicilian: closed"]
[ECO "B23"]
[NIC "SI.44"]
[Time "20:28:48"]
[TimeControl "180+0"]

1. e4 c5 2. Nc3 a6 3. f4 b5 4. Nf3 Bb7 5. d3 e6 6. g3 Nf6 7. Bg2 d6 8. O-O
Nbd7 9. Qe2 Be7 10. e5 Nd5 11. exd6 Bxd6 12. Nxd5 Bxd5 13. c4 Bc6 14. Bd2
O-O 15. Bc3 b4 16. Be5 Nxe5 17. fxe5 Be7 18. Qe3 Qd7 19. Rad1 Rad8 20. b3 h6
21. Rf2 Bxf3 22. Bxf3 Qd4 23. Qxd4 Rxd4 24. Be4 Bd8 25. Re2 Bc7 26. Bb7 a5
27. Kf2 f6 28. exf6 Rxf6+ 29. Kg2 e5 30. Bd5+ Kf8 31. Rf2 Ke7 32. Rxf6 gxf6
33. Kf3 e4+ 34. Bxe4 Be5 35. Bd5 Kd6 36. h3 h5 37. g4 hxg4+ 38. hxg4 Re4 39.
dxe4 {Black resigns} 1-0

[Event "ICCopen2017"]
[Site "Internet Chess Club"]
[Date "2017.03.26"]
[Round "8"]
[White "see101"]
[Black "DukeBishop"]
[Result "0-1"]
[ICCResult "White checkmated"]
[WhiteElo "1391"]
[BlackElo "1558"]
[Opening "Sicilian: dragon, Yugoslav attack"]
[ECO "B75"]
[NIC "SI.17"]
[Time "20:28:36"]
[TimeControl "180+0"]

1. e4 c5 2. Nf3 d6 3. d4 cxd4 4. Nxd4 Nf6 5. Nc3 g6 6. Be3 Bg7 7. f3 Nc6 8.
Qd2 h5 9. O-O-O Bd7 10. h4 Rc8 11. Be2 a6 12. Kb1 Ne5 13. g4 hxg4 14. fxg4
Nfxg4 15. Bg5 Nc4 16. Bxc4 Rxc4 17. Nf3 Qb6 18. Ka1 Rxc3 19. bxc3 Be6 20.
Nd4 Qa5 21. e5 Qxa2# {White checkmated} 0-1

[Event "ICCopen2017"]
[Site "Internet Chess Club"]
[Date "2017.03.26"]
[Round "8"]
[White "tonychess2014"]
[Black "BirchRun"]
[Result "1-0"]
[ICCResult "Black resigns"]
[WhiteElo "1792"]
[BlackElo "1614"]
[Opening "Scandinavian gambit"]
[ECO "B13"]
[NIC "SD.03"]
[Time "20:29:36"]
[TimeControl "180+0"]

1. e4 d5 2. exd5 Nf6 3. c4 c6 4. d4 cxd5 5. Nf3 g6 6. Nc3 Bg7 7. Bg5 O-O 8.
Be2 Nc6 9. O-O Bf5 10. Qd2 e6 11. Rfd1 Rc8 12. Bh6 Ne4 13. Nxe4 dxe4 14.
Bxg7 Kxg7 15. Ne5 Nxe5 16. dxe5 Qxd2 17. Rxd2 Rfd8 18. Rad1 Rxd2 19. Rxd2 g5
20. g4 Bg6 21. Rd7 Rb8 22. c5 b6 23. c6 Kf8 24. c7 Ke8 25. Bb5 Ra8 26. Rd8+
Ke7 27. Rxa8 e3 28. fxe3 Be4 29. c8=Q Bxa8 30. Qxa8 {Black resigns} 1-0

[Event "ICCopen2017"]
[Site "Internet Chess Club"]
[Date "2017.03.26"]
[Round "8"]
[White "bean5671"]
[Black "sanguine"]
[Result "0-1"]
[ICCResult "White checkmated"]
[WhiteElo "1255"]
[BlackElo "1046"]
[Opening "Benko's opening"]
[ECO "A00"]
[NIC "VO.09"]
[Time "20:29:49"]
[TimeControl "180+0"]

1. g3 e5 2. Bg2 d5 3. d3 Nc6 4. e4 d4 5. Nd2 Be6 6. Nc4 Bxc4 7. dxc4 Bc5 8.
b3 Nge7 9. Bb2 O-O 10. Ne2 f5 11. Qd2 f4 12. f3 d3 13. cxd3 Bb4 14. Bc3 Bxc3
15. Nxc3 Nd4 16. O-O-O Qd6 17. g4 Qa3+ 18. Qb2 Qb4 19. h4 Nec6 20. g5 Rad8
21. h5 Qxc3+ 22. Qxc3 Ne2+ 23. Kc2 Nxc3 24. Kxc3 Nd4 25. Rd2 c5 26. h6 g6
27. Rb1 a5 28. a3 b5 29. b4 bxc4 30. dxc4 axb4+ 31. axb4 cxb4+ 32. Kxb4 Rb8+
33. Kc3 Rxb1 34. c5 Rc1+ 35. Kb4 Rb8+ 36. Ka5 Ra1+ 37. Ra2 Rxa2#
{White checkmated}
0-1

[Event "ICCopen2017"]
[Site "Internet Chess Club"]
[Date "2017.03.26"]
[Round "8"]
[White "MDRAFE3"]
[Black "Monterrey"]
[Result "0-1"]
[ICCResult "White resigns"]
[WhiteElo "1943"]
[BlackElo "1704"]
[Opening "Trompowsky attack (Ruth, Opocenský opening)"]
[ECO "A45"]
[NIC "QP.07"]
[Time "20:29:13"]
[TimeControl "180+0"]

1. d4 Nf6 2. Bg5 g6 3. Bxf6 exf6 4. e3 Bg7 5. c4 O-O 6. Nc3 d6 7. g3 f5 8.
Bg2 Nd7 9. Nge2 Nf6 10. O-O Re8 11. Qd3 c6 12. b4 Qe7 13. b5 Ne4 14. bxc6
bxc6 15. Rab1 Ba6 16. Rfc1 d5 17. Qc2 Bxc4 18. Qa4 Nxf2 19. Kxf2 Qxe3+ 20.
Kf1 Bxd4 21. Ke1 Bxc3+ {White resigns} 0-1

[Event "ICCopen2017"]
[Site "Internet Chess Club"]
[Date "2017.03.26"]
[Round "8"]
[White "king-lear"]
[Black "M-Ezat"]
[Result "0-1"]
[ICCResult "White resigns"]
[WhiteElo "1925"]
[BlackElo "2202"]
[Opening "Benoni defense"]
[ECO "A61"]
[NIC "OI.09"]
[Time "20:28:26"]
[TimeControl "180+0"]

1. d4 c5 2. d5 e6 3. c4 Nf6 4. Nc3 d6 5. e4 e5 6. g3 g6 7. Bh3 Bg7 8. Qe2
O-O 9. Bd2 a6 10. a4 Nbd7 11. Nf3 Rb8 12. b3 Ne8 13. Nh4 Bf6 14. Ng2 Bg7 15.
Nh4 Bf6 16. Ng2 Bg5 17. f4 exf4 18. gxf4 Bf6 19. O-O Bd4+ 20. Kh1 Nef6 21.
Rae1 Re8 22. Qf3 Qb6 23. Nd1 Qc7 24. Nf2 b5 25. a5 bxc4 26. bxc4 Rb2 27. Bc3
Rb3 28. Rc1 Qxa5 29. Bxd7 Bxd7 {White resigns} 0-1

[Event "ICCopen2017"]
[Site "Internet Chess Club"]
[Date "2017.03.26"]
[Round "8"]
[White "jbow79"]
[Black "heartache"]
[Result "0-1"]
[ICCResult "White resigns"]
[WhiteElo "994"]
[BlackElo "1082"]
[Opening "Queen's pawn game, Chigorin variation"]
[ECO "D02"]
[NIC "QP.08"]
[Time "20:28:56"]
[TimeControl "180+0"]

1. d4 d5 2. Nf3 Nc6 3. g3 e6 4. Bg2 Bb4+ 5. c3 Ba5 6. O-O a6 7. Bf4 Nf6 8.
Nbd2 Nh5 9. Be5 Nxe5 10. Nxe5 Nf6 11. e4 O-O 12. exd5 Nxd5 13. Bxd5 exd5 14.
Ndf3 Bh3 15. Re1 Re8 16. Qd3 Bb6 17. Re2 f6 {White resigns} 0-1

[Event "ICCopen2017"]
[Site "Internet Chess Club"]
[Date "2017.03.26"]
[Round "8"]
[White "VrloJakMK"]
[Black "BoldPlan"]
[Result "1-0"]
[ICCResult "Black resigns"]
[WhiteElo "2024"]
[BlackElo "1840"]
[Opening "King's Indian: orthodox, Aronin-Taimanov, 9.Ne1"]
[ECO "E98"]
[NIC "KI.03"]
[Time "20:29:10"]
[TimeControl "180+0"]

1. d4 Nf6 2. c4 g6 3. Nc3 Bg7 4. e4 d6 5. Nf3 O-O 6. Be2 e5 7. O-O Nc6 8. d5
Ne7 9. Ne1 Ne8 10. Be3 f5 11. f3 f4 12. Bf2 g5 13. g4 h5 14. h3 Nf6 15. c5
Rf7 16. Nd3 Bf8 17. Rc1 Ng6 18. b4 a5 19. b5 Bd7 20. a4 b6 21. cxb6 cxb6 22.
Nb2 Be8 23. Nb1 Nd7 24. Rc6 hxg4 25. hxg4 Nc5 26. Bxc5 dxc5 27. Rxg6+ Rg7
28. Rxg7+ Kxg7 29. Kf2 c4 30. Nxc4 Bc5+ 31. Ke1 Bb4+ 32. Nbd2 Qc7 33. Rh1
Bg6 34. Qb3 Qc5 35. Kf1 Kf6 36. d6 Qd4 37. Qd3 Qa1+ 38. Kg2 Rd8 39. d7 Qxa4
40. Qd5 Bf7 41. Qxe5+ Kg6 42. Qf5+ Kg7 43. Qxg5+ {Black resigns} 1-0

[Event "ICCopen2017"]
[Site "Internet Chess Club"]
[Date "2017.03.26"]
[Round "8"]
[White "ShiningArmor"]
[Black "eltigrecu"]
[Result "0-1"]
[ICCResult "White resigns"]
[WhiteElo "1529"]
[BlackElo "1932"]
[Opening "Sicilian defense"]
[ECO "B20"]
[NIC "SI.48"]
[Time "20:28:32"]
[TimeControl "180+0"]

1. e4 c5 2. d3 Nc6 3. h3 g6 4. Nf3 Bg7 5. Be2 d6 6. c3 Nf6 7. O-O O-O 8. Be3
Bd7 9. Qd2 b5 10. Bh6 b4 11. Qg5 c4 12. Nh2 cxd3 13. Bxd3 Ne5 14. Bc2 Qc8
15. Kh1 Rb8 16. f4 Nc4 17. b3 Ne3 18. Rc1 Nxc2 19. Rxc2 Nxe4 20. Qh4 bxc3
21. Nf3 Bf5 22. Bxg7 Kxg7 23. Rxc3 Nxc3 24. Ng5 h6 25. Nxc3 Qxc3 26. Nf3
Qxa1+ 27. Kh2 Qf6 28. Qf2 Rfc8 29. Nd2 Rc2 30. Qe1 Qd4 31. Nc4 Be4 32. Ne3
Qxe3 33. Qxe3 Rxg2+ 34. Kh1 Re2+ {White resigns} 0-1

[Event "ICCopen2017"]
[Site "Internet Chess Club"]
[Date "2017.03.26"]
[Round "8"]
[White "ALexiz"]
[Black "Mad-Cobra"]
[Result "0-1"]
[ICCResult "White resigns"]
[WhiteElo "1682"]
[BlackElo "1855"]
[Opening "Queen's pawn, Mason variation"]
[ECO "D00"]
[NIC "QP.08"]
[Time "20:28:57"]
[TimeControl "180+0"]

1. d4 d5 2. Bf4 Nc6 3. e3 h6 4. Nf3 g5 5. Bg3 Bg7 6. c3 e6 7. Bd3 f5 8. Nbd2
Nf6 9. Ne5 Nxe5 10. Bxe5 O-O 11. Qe2 c6 12. O-O-O Bd7 13. h4 g4 14. h5 Ne4
15. g3 Bxe5 16. dxe5 Qg5 17. Bxe4 fxe4 18. Nxe4 dxe4 19. Rxd7 Rf3 20. Rhd1
Raf8 21. Qc4 Qxe5 22. Rxb7 Rxf2 23. Qxc6 R2f6 24. Rdd7 Rf1+ 25. Kc2 R1f2+
26. Kb3 R8f7 27. Rd8+ Kg7 28. Qe8 Rxb7+ {White resigns} 0-1

[Event "ICCopen2017"]
[Site "Internet Chess Club"]
[Date "2017.03.26"]
[Round "8"]
[White "jps7"]
[Black "Nc3-4Me"]
[Result "0-1"]
[ICCResult "White checkmated"]
[WhiteElo "1558"]
[BlackElo "1814"]
[Opening "Queen's pawn game, Chigorin variation"]
[ECO "A40"]
[NIC "QO.17"]
[Time "20:28:40"]
[TimeControl "180+0"]

1. d4 Nc6 2. Nf3 d5 3. e3 e6 4. a3 f5 5. Bb5 Nf6 6. Ne5 Bd7 7. c3 Nxe5 8.
dxe5 Bxb5 9. exf6 Qxf6 10. Nd2 O-O-O 11. Nf3 g5 12. Nd4 Ba6 13. Qa4 e5 14.
Nb5 Qb6 15. c4 dxc4 16. Nc3 f4 17. exf4 exf4 18. O-O f3 19. Bxg5 Qg6 20. Qa5
h6 21. g3 hxg5 22. g4 Rh4 23. Qf5+ Qxf5 24. gxf5 Bd6 25. Rad1 Bxh2+ 26. Kh1
Bd6+ 27. Kg1 Rg4+ 28. Kh1 Rh8# {White checkmated} 0-1

[Event "ICCopen2017"]
[Site "Internet Chess Club"]
[Date "2017.03.26"]
[Round "8"]
[White "dynamo"]
[Black "LevAbramovich"]
[Result "0-1"]
[ICCResult "White resigns"]
[WhiteElo "1733"]
[BlackElo "2063"]
[Opening "Benko's opening"]
[ECO "A00"]
[NIC "VO.09"]
[Time "20:29:24"]
[TimeControl "180+0"]

1. g3 f5 2. Bg2 Nf6 3. f4 d5 4. Nf3 e6 5. O-O Bd6 6. e3 O-O 7. d3 b6 8. Nc3
Bb7 9. Ne2 c5 10. c3 Nbd7 11. Bd2 Qe7 12. h3 e5 13. Kh2 e4 14. Ne1 Ba6 15.
d4 Bxe2 16. Qxe2 cxd4 17. cxd4 Rac8 18. Bc3 Kh8 19. Rc1 Rg8 20. Rg1 g5 21.
Bf1 Rg7 22. Qf2 Rcg8 23. Rg2 Qf7 24. Be2 Qg6 25. Nc2 Qh6 26. Rcg1 Ng4+ 27.
Bxg4 fxg4 28. h4 gxh4 29. gxh4 g3+ 30. Rxg3 Qxh4+ 31. Rh3 Qxf2+ {White
resigns} 0-1

[Event "ICCopen2017"]
[Site "Internet Chess Club"]
[Date "2017.03.26"]
[Round "8"]
[White "egyptiantiger"]
[Black "Discoverchess"]
[Result "0-1"]
[ICCResult "White forfeits on time"]
[WhiteElo "1724"]
[BlackElo "2674"]
[Opening "QGD: Albin counter-gambit, 5.g3"]
[ECO "D09"]
[NIC "QG.02"]
[Time "20:28:51"]
[TimeControl "180+0"]

1. d4 d5 2. c4 e5 3. dxe5 d4 4. Nf3 Nc6 5. g3 h5 6. h3 h4 7. g4 Nge7 8. Bg5
Be6 9. b3 Qd7 10. Nbd2 O-O-O 11. Ne4 Ng6 12. Bxd8 Bb4+ 13. Ned2 Rxd8 14. Bg2
Nf4 15. O-O d3 16. exd3 Qxd3 17. Qb1 Bxd2 18. Qxd3 Rxd3 19. Ng5 Ne2+ 20. Kh2
Bxg5 21. Rad1 Bf4+ 22. Kh1 Rxd1 23. Rxd1 Ned4 24. Be4 Bxe5 25. Rf1 g5 26.
Re1 Bf4 27. Bd5 Bxd5+ 28. cxd5 Nd8 29. Re4 Nc2 30. Rc4 Ne1 31. Re4 Nd3 32.
Kg2 Kd7 33. Rd4 Ne5 34. Rb4 Kd6 35. Ra4 a6 36. Rb4 Kxd5 37. Ra4 Ndc6 38. b4
Kc4 39. Ra3 Kxb4 40. Rb3+ Kc4 41. Rxb7 Nd3 {White forfeits on time} 0-1

[Event "ICCopen2017"]
[Site "Internet Chess Club"]
[Date "2017.03.26"]
[Round "8"]
[White "knightspirit"]
[Black "Mandragora"]
[Result "0-1"]
[ICCResult "White resigns"]
[WhiteElo "1244"]
[BlackElo "1542"]
[Opening "Sicilian: Najdorf"]
[ECO "B90"]
[NIC "SI.14"]
[Time "20:28:59"]
[TimeControl "180+0"]

1. e4 c5 2. Nf3 d6 3. d4 cxd4 4. Nxd4 Nf6 5. Nc3 a6 6. Bd3 Nc6 7. Nb3 Bd7 8.
Bg5 Rc8 9. f3 e6 10. Qd2 Be7 11. h4 h6 12. Be3 Ne5 13. O-O-O b5 14. Kb1 b4
15. Ne2 a5 16. f4 Nxd3 17. cxd3 a4 18. Nbd4 d5 19. e5 Ng4 20. Rc1 Nxe3 21.
Qxe3 O-O 22. g4 Rxc1+ 23. Qxc1 Qb6 24. g5 h5 25. f5 exf5 26. Qf1 g6 27. Nf3
Qe3 28. Rh3 Qxd3+ 29. Ka1 Bb5 30. Nfd4 Qxd4 31. Nxd4 Bxf1 32. Rf3 Bc4 33.
Nc6 Bc5 {White resigns} 0-1

[Event "ICCopen2017"]
[Site "Internet Chess Club"]
[Date "2017.03.26"]
[Round "8"]
[White "justlucky"]
[Black "ROWLAND"]
[Result "0-1"]
[ICCResult "White resigns"]
[WhiteElo "1189"]
[BlackElo "1439"]
[Opening "Philidor's defense"]
[ECO "C41"]
[NIC "KP.10"]
[Time "20:28:44"]
[TimeControl "180+0"]

1. e4 e5 2. Nf3 d6 3. Bc4 Be7 4. d4 Nc6 5. Nc3 Nf6 6. Ng5 O-O 7. dxe5 Nxe5
8. Bb3 h6 9. Nf3 Bg4 10. Bf4 Nxf3+ 11. gxf3 Bh5 12. Qd2 Kh7 13. O-O-O Bxf3
14. Bxh6 gxh6 15. Rhg1 Bxd1 16. Qxd1 Qd7 17. Qf3 d5 18. e5 Ne4 19. Bxd5 Bg5+
20. Kb1 Nd2+ {White resigns} 0-1

[Event "ICCopen2017"]
[Site "Internet Chess Club"]
[Date "2017.03.26"]
[Round "8"]
[White "fiveknights"]
[Black "flashlight"]
[Result "0-1"]
[ICCResult "White resigns"]
[WhiteElo "1722"]
[BlackElo "2024"]
[Opening "Réti opening"]
[ECO "A04"]
[NIC "KI.77"]
[Time "20:29:07"]
[TimeControl "180+0"]

1. Nf3 c5 2. e3 Nf6 3. d4 g6 4. c4 Bg7 5. Nc3 O-O 6. Bd3 cxd4 7. exd4 d5 8.
O-O dxc4 9. Bxc4 Nc6 10. h3 Bf5 11. Re1 Rc8 12. Bb3 Nb4 13. Ne5 Nd7 14. a3
Nxe5 15. dxe5 Nd3 16. Rf1 Nxe5 17. Be3 a6 18. Bd4 Qxd4 19. Qxd4 Nf3+ 20.
gxf3 Bxd4 21. Rfd1 Bxc3 22. bxc3 Rxc3 23. Bd5 b5 24. a4 b4 25. a5 b3 26. Ra3
Rb8 27. Be4 Bxe4 28. fxe4 Rxh3 29. Rd7 b2 30. Rxh3 b1=Q+ 31. Kg2 Qxe4+
{White resigns}
0-1

[Event "ICCopen2017"]
[Site "Internet Chess Club"]
[Date "2017.03.26"]
[Round "8"]
[White "Athena2020"]
[Black "Soulbrother"]
[Result "1-0"]
[ICCResult "Black checkmated"]
[WhiteElo "1109"]
[BlackElo "1326"]
[Opening "Old Indian defense"]
[ECO "A53"]
[NIC "OI.04"]
[Time "20:29:16"]
[TimeControl "180+0"]

1. d4 d6 2. c4 Nf6 3. Nc3 e6 4. Nf3 Be7 5. Bf4 O-O 6. e3 Nbd7 7. Bd3 a6 8.
Qc2 g6 9. O-O b6 10. Bh6 Re8 11. Rfe1 Bb7 12. e4 Bf8 13. Bg5 Be7 14. Rad1
Nh5 15. Bxe7 Qxe7 16. Qd2 e5 17. Qh6 f6 18. dxe5 dxe5 19. Nd5 Bxd5 20. exd5
Nf4 21. Bb1 Qb4 22. g3 Nh5 23. Bxg6 hxg6 24. Qxg6+ Kf8 25. Qxh5 Ke7 26. Qh7+
Kd8 27. Qf7 Re7 28. Qg8+ Re8 29. Qg6 Rf8 30. Rd3 e4 31. Rde3 exf3 32. Re8+
Rxe8 33. Qxe8# {Black checkmated} 1-0

[Event "ICCopen2017"]
[Site "Internet Chess Club"]
[Date "2017.03.26"]
[Round "8"]
[White "fairplay"]
[Black "Mephisto521"]
[Result "0-1"]
[ICCResult "White resigns"]
[WhiteElo "1261"]
[BlackElo "1562"]
[Opening "Réti opening"]
[ECO "A04"]
[NIC "QP.11"]
[Time "20:29:54"]
[TimeControl "180+0"]

1. Nf3 e6 2. d4 d5 3. c3 c5 4. e3 Nc6 5. Bb5 Ne7 6. Ne5 Qb6 7. Bxc6+ Nxc6 8.
f4 Nxe5 9. fxe5 c4 10. O-O g6 11. Qf3 Qc7 12. g4 Bg7 13. e4 O-O 14. h4 dxe4
15. Qxe4 b6 16. h5 Bb7 17. Qf4 Qc6 18. Qh2 Qe4 19. Qh3 f5 20. Nd2 Qd5 21.
hxg6 hxg6 22. g5 f4 23. Nf3 Rf5 24. Qh4 Kf7 25. Kg2 Rh8 26. Qg4 Rh5
{White resigns}
0-1

[Event "ICCopen2017"]
[Site "Internet Chess Club"]
[Date "2017.03.26"]
[Round "8"]
[White "FiveCardDraw"]
[Black "PawnderingMate"]
[Result "1-0"]
[ICCResult "Black resigns"]
[WhiteElo "1519"]
[BlackElo "1274"]
[Opening "Budapest: Rubinstein variation"]
[ECO "A52"]
[NIC "QG.01"]
[Time "20:28:57"]
[TimeControl "180+0"]

1. d4 Nf6 2. c4 e5 3. dxe5 Ng4 4. Bf4 Nc6 5. Nf3 Bc5 6. e3 Qe7 7. a3 Ngxe5
8. Nxe5 Nxe5 9. Qd5 d6 10. Bxe5 dxe5 11. b4 Bxb4+ 12. axb4 Qxb4+ 13. Qd2 Qc5
14. Be2 O-O 15. O-O Be6 16. Na3 Rfd8 17. Qc3 Rd6 18. Rfd1 Rc6 19. Rab1 b6
20. Rb5 Qe7 21. Bf3 Rd6 22. Rxd6 Qxd6 23. Rb1 Rd8 24. Nb5 Qc5 25. Rc1 Bd7
26. Nxa7 Ba4 27. h3 Ra8 28. Nb5 Bxb5 29. cxb5 Qxb5 30. Bxa8 c5 31. Rd1 Qe8
32. Qd3 h6 33. Qd8 Qxd8 34. Rxd8+ Kh7 35. Be4+ {Black resigns} 1-0

[Event "ICCopen2017"]
[Site "Internet Chess Club"]
[Date "2017.03.26"]
[Round "8"]
[White "MAU"]
[Black "aravind6904"]
[Result "1-0"]
[ICCResult "Black forfeits on time"]
[WhiteElo "1657"]
[BlackElo "1435"]
[Opening "Queen's pawn game, Chigorin variation"]
[ECO "D02"]
[NIC "QP.09"]
[Time "20:29:09"]
[TimeControl "180+0"]

1. Nf3 d5 2. d4 Nc6 3. Bg5 Nf6 4. c3 e6 5. Nbd2 Be7 6. Qb3 h6 7. Bh4 Rb8 8.
h3 Bd7 9. e3 Na5 10. Qc2 Nc6 11. Bd3 O-O 12. e4 dxe4 13. Nxe4 Nxe4 14. Bxe7
Qxe7 15. Bxe4 Qf6 16. O-O-O a6 17. g4 b5 18. h4 Qe7 19. Rdg1 a5 20. h5 b4
21. c4 a4 22. Qd3 b3 23. a3 Na5 24. g5 hxg5 25. Rxg5 f5 26. Rhg1 Rf7 27. Ne5
fxe4 28. Qxe4 Rbf8 29. Nxf7 Rxf7 30. h6 Bc6 31. Rxg7+ Rxg7 32. Rxg7+
{Black forfeits on time}
1-0

[Event "ICCopen2017"]
[Site "Internet Chess Club"]
[Date "2017.03.26"]
[Round "8"]
[White "Sebs"]
[Black "jefferyx"]
[Result "1-0"]
[ICCResult "Black resigns"]
[WhiteElo "2982"]
[BlackElo "2814"]
[Opening "Grünfeld: Russian variation"]
[ECO "D97"]
[NIC "GI.10"]
[Time "20:28:41"]
[TimeControl "180+0"]

1. d4 Nf6 2. c4 g6 3. Nc3 d5 4. Nf3 Bg7 5. Qb3 dxc4 6. Qxc4 Na6 7. e4 c5 8.
d5 O-O 9. Be2 e6 10. O-O exd5 11. exd5 Re8 12. Rd1 Bd7 13. Bg5 h6 14. Bh4
Rb8 15. a3 b5 16. Qd3 c4 17. Qc2 Nc5 18. Nd4 Qb6 19. Bf3 Nd3 20. Nc6 Bxc6
21. dxc6 Ne5 22. Bg3 Nxf3+ 23. gxf3 Qxc6 24. Bxb8 Rxb8 25. Ne4 Nd5 26. Qd2
Nb6 27. Qf4 Rf8 28. Rd6 Qc8 29. Rad1 Na4 30. Nf6+ Kh8 31. R1d2 Nc5 32. Nd7
Nxd7 33. Rxd7 c3 34. bxc3 Qxc3 35. Rxa7 Qc1+ 36. Kg2 Kg8 37. Qe3 Qc6 38.
Rdd7 h5 39. Qf4 Qe6 40. Re7 Qb3 41. Rab7 Bb2 42. a4 Qxa4 43. Qxa4
{Black resigns}
1-0

[Event "ICCopen2017"]
[Site "Internet Chess Club"]
[Date "2017.03.26"]
[Round "8"]
[White "Kokopelli"]
[Black "km1515"]
[Result "0-1"]
[ICCResult "White resigns"]
[WhiteElo "1111"]
[BlackElo "2102"]
[Opening "French defense"]
[ECO "C00"]
[NIC "FR.01"]
[Time "20:28:25"]
[TimeControl "180+0"]

1. e4 e6 2. Nf3 d5 3. exd5 exd5 4. d4 Bg4 5. Qe2+ Ne7 6. Qb5+ Nbc6 7. Qxb7
Rb8 8. Qa6 Bxf3 9. gxf3 Nxd4 10. Qd3 Ne6 11. Nc3 c6 12. Be3 Qc7 13. O-O-O
Qb7 14. Na4 g6 15. Qa6 Bg7 16. Qxb7 Rxb7 17. c3 O-O 18. Ba6 Rd7 19. Nc5 Nxc5
20. Bxc5 Rb8 21. Rde1 Nf5 22. Rd1 Bf6 23. Be3 Kg7 24. c4 d4 25. Bxd4 Rxd4
26. Rxd4 Nxd4 27. b3 Nxf3 28. Rd1 Ne5 29. Rd6 Be7 30. Rd1 {White resigns}
0-1

[Event "ICCopen2017"]
[Site "Internet Chess Club"]
[Date "2017.03.26"]
[Round "8"]
[White "CapitanCentella"]
[Black "blackending"]
[Result "1-0"]
[ICCResult "Black checkmated"]
[WhiteElo "1813"]
[BlackElo "1559"]
[Opening "King's Indian: Sämisch, 5...O-O"]
[ECO "E81"]
[NIC "KI.51"]
[Time "20:29:20"]
[TimeControl "180+0"]

1. d4 Nf6 2. c4 g6 3. Nc3 Bg7 4. e4 d6 5. f3 O-O 6. Bg5 h6 7. Be3 Nbd7 8.
Qd2 e5 9. d5 Kh7 10. h4 a5 11. h5 g5 12. Nh3 Nc5 13. g4 Bxg4 14. Nxg5+ hxg5
15. Be2 Bh6 16. Bxg5 Bxg5 17. Qxg5 Bxh5 18. O-O-O Rg8 19. Qf5+ Kh6 20. f4
Qd7 21. Qxf6+ Rg6 22. Rxh5# {Black checkmated} 1-0

[Event "ICCopen2017"]
[Site "Internet Chess Club"]
[Date "2017.03.26"]
[Round "8"]
[White "Lzmann"]
[Black "DOCA"]
[Result "0-1"]
[ICCResult "White resigns"]
[WhiteElo "1576"]
[BlackElo "1809"]
[Opening "Grünfeld: exchange variation"]
[ECO "D85"]
[NIC "GI.03"]
[Time "20:29:12"]
[TimeControl "180+0"]

1. d4 Nf6 2. c4 g6 3. Nc3 d5 4. cxd5 Nxd5 5. g3 Bg7 6. Bg2 Nxc3 7. bxc3 O-O
8. Nf3 c5 9. O-O Bg4 10. e3 cxd4 11. cxd4 Nc6 12. Ba3 Qa5 13. Qb3 Rab8 14.
Rac1 Rfe8 15. Rc5 Qd8 16. Rfc1 Na5 17. Qc2 b6 18. Rc7 a6 19. Ne5 Bxe5 20.
dxe5 b5 21. h3 Bf5 22. Qc3 Nc4 23. Bb2 Qxc7 24. e6 f6 25. Ba1 Bxe6 26. h4
Rbc8 27. Qd3 Qd7 28. Qe2 Ne5 29. h5 Rxc1+ {White resigns} 0-1